Map: Ephemeron LE

Players

Denver

  • Race: Zerg Zerg
  • League: Master
  • Spawn Location: 11:00

HeroMarine - Winner!

  • Race: Terran Terran
  • League: Master
  • Spawn Location: 5:00

Event: HomeStory Cup XX

VOD

Have the link to the VOD?

Description

Time

  • Played on: Nov. 21, 2019, 10:31 a.m.
  • Length: 7:59

All games in this series

Show
View Real Time Build Order
Export as new Build Order

Denver Zerg 

Build Orders: Hatch First 

Get SALT Encoding   

  12  0:00  Drone  
  13  0:12  Overlord  
  13  0:17  Drone  
  14  0:30  Drone x2  
  16  0:48  Hatchery  
  15  0:51  Drone  
  15  0:54  Drone  
  17  0:58  Drone  
  18  1:08  Extractor  
  17  1:13  Spawning Pool  
  17  1:17  Drone  
  17  1:20  Drone  
  18  1:28  Drone  
  19  1:39  Drone  
  20  1:49  Drone  
  21  2:00  Queen x2  
  25  2:01  Zergling x4  
  27  2:10  Overlord  
  27  2:22  Hatchery  
  26  2:26  Drone  
  26  2:28  Drone  
  27  2:31  Drone  
  27  2:35  Drone  
  29  2:40  Spore Crawler  
  29  2:42  Drone  
  29  2:43  Drone  
  31  2:45  Drone  
  31  2:51  Metabolic Boost  
  32  2:53  Drone  
  33  2:58  Overlord  
  33  3:06  Drone  
  33  3:11  Drone  
  33  3:12  Drone  
  36  3:16  Queen, Overlord  
  36  3:18  Drone  
  39  3:21  Drone  
  39  3:22  Drone  
  41  3:28  Queen  
  41  3:31  Overlord  
  43  3:37  Zergling x4  
  45  3:41  Zergling x6  
  45  3:46  Zergling x4  
  50  3:54  Zergling x6, Baneling Nest  
  52  4:00  Zergling x4  
  54  4:07  Zergling x6  
  57  4:12  Zergling x2  
  58  4:17  Zergling x4  
  58  4:23  Zergling x2  
  61  4:28  Zergling x4  
  63  4:34  Overlord  
  63  4:37  Baneling x7  
  63  4:38  Zergling x2  
  63  4:39  Zergling x4  
  63  4:41  Overlord  
  66  4:51  Overlord  
  66  4:54  Zergling x2  
  66  4:55  Zergling x14  
  64  5:16  Zergling x14  
  64  5:20  Zergling x2  
  64  5:23  Queen  
  62  5:30  Zergling x12  
  64  5:38  Zergling x10  
  64  5:40  Baneling x7  
  67  5:45  Zergling x4  
  67  5:46  Baneling x4  
  67  5:51  Zergling x2  
  67  5:54  Zergling x2  
  67  6:03  Zergling x2  
  62  6:07  Zergling x8  
  62  6:08  Zergling x2  
  62  6:15  Zergling x10  
  63  6:20  Zergling x2  
  61  6:26  Baneling x3  
  61  6:27  Zergling x2, Drone  
  61  6:28  Zergling x4  
  62  6:34  Zergling x2  
  62  6:38  Zergling x2  
  63  6:40  Baneling x3  
  63  6:42  Zergling x2  
  63  6:43  Zergling x2  
  62  6:49  Zergling x14  
  63  6:56  Zergling x10  
  67  7:07  Zergling x2  
  67  7:08  Zergling x4  
  70  7:11  Baneling x4  
  70  7:15  Zergling x14  
  77  7:20  Zergling x2  
  78  7:24  Zergling x8  
  78  7:27  Baneling x2  
  78  7:29  Zergling x4  
  83  7:41  Zergling x2  
  83  7:42  Zergling x4  
  80  7:46  Drone  
Show
View Real Time Build Order
Export as new Build Order

HeroMarine Terran - Winner!

Build Orders: Hellion Opening, Reaper Expand 

Get SALT Encoding   

  12  0:00  SCV  
  13  0:12  SCV  
  14  0:17  Supply Depot  
  14  0:25  SCV  
  15  0:38  SCV  
  15  0:40  Barracks  
  16  0:44  Refinery  
  16  0:50  SCV  
  17  1:03  SCV  
  18  1:15  SCV  
  19  1:27  Orbital Command, Reaper  
  20  1:39  Command Center  
  20  1:48  Supply Depot  
  20  1:53  SCV  
  21  1:59  Marine  
  22  2:05  SCV  
  22  2:08  Factory  
  23  2:12  Refinery  
  23  2:17  SCV  
  23  2:21  Barracks Reactor  
  24  2:29  SCV  
  25  2:41  SCV  
  26  2:53  Orbital Command, SCV  
  26  2:58  Starport  
  27  3:04  Hellion x2  
  27  3:05  SCV  
  32  3:07  Barracks Tech Lab  
  32  3:17  SCV  
  32  3:18  SCV  
  34  3:26  Hellion x2  
  38  3:28  Supply Depot  
  38  3:29  SCV  
  38  3:31  SCV  
  40  3:40  Barracks Tech Lab, Raven  
  42  3:41  SCV  
  42  3:43  SCV  
  42  3:47  Hellion  
  46  3:50  Hellion, Supply Depot  
  46  3:54  SCV  
  46  3:55  SCV  
  50  4:00  Marine, Stimpack  
  51  4:06  SCV  
  51  4:07  SCV  
  53  4:12  Hellion x2, Supply Depot  
  57  4:18  SCV  
  57  4:19  SCV  
  57  4:22  Command Center  
  59  4:26  Marine  
  59  4:30  SCV  
  61  4:31  SCV  
  61  4:34  Raven  
  61  4:35  Supply Depot  
  64  4:41  Barracks  
  64  4:43  Barracks  
  64  4:46  Factory Reactor, SCV  
  64  4:47  SCV  
  64  4:54  Marine  
  64  4:58  SCV  
  64  4:59  SCV  
  62  5:10  SCV  
  62  5:11  SCV  
  62  5:12  Marine  
  51  5:22  SCV  
  51  5:23  SCV  
  52  5:30  Marine  
  52  5:34  SCV, Barracks Reactor  
  53  5:35  SCV  
  53  5:39  Starport Reactor, Orbital Command  
  53  5:42  Marine x2, Engineering Bay  
  55  5:44  Engineering Bay  
  55  5:45  Refinery  
  55  5:46  Refinery, SCV  
  55  5:47  SCV  
  55  5:48  Marine  
  58  5:58  SCV  
  58  6:00  Marine, SCV  
  58  6:03  Marine  
  60  6:06  Marine  
  60  6:07  SCV  
  60  6:10  SCV  
  52  6:12  SCV  
  52  6:14  Marine x2  
  52  6:17  Marine  
  51  6:19  SCV  
  51  6:20  Marine  
  51  6:22  SCV  
  51  6:23  Marine  
  55  6:26  SCV  
  55  6:35  Marine, SCV  
  55  6:36  Marine x2  
  55  6:38  Marine  
  58  6:42  Marine, Supply Depot  
  51  6:54  SCV x2  
  51  6:55  SCV  
  51  6:56  Supply Depot  
  51  6:59  Supply Depot  
  55  7:06  SCV x2  
  55  7:07  Medivac, SCV  
  59  7:09  Medivac  
  61  7:18  SCV x2  
  61  7:19  SCV  
  61  7:21  Siege Tank  
  67  7:27  Supply Depot  
  67  7:28  Supply Depot  
  67  7:30  SCV x2  
  67  7:31  SCV  
  67  7:32  Marine  
  67  7:34  Marine  
  67  7:35  Marine  
  67  7:36  Marine  
  67  7:37  Marine  
Tags
 
Add a new tag
Caveats
  • Supply blocks, unpowered buildings, or Contaminate may cause inaccurate times.
  • Supply counts are checked every 10 seconds.